AoeStats
← _The_Lion

Arabia

506568677Analyzed
1v1 RM · 19d ago on Sep 14, 2026· 22m 20s· 2 players
Game mode
Random Map
Map size
Tiny (2 player)
Population
200
Speed
Normal
Resources
Standard
Victory
Conquest
Starting age
Dark Age
Ending age
Imperial Age
RankedLock teamsTeams togetherTeam positionsShared explorationLock speedFull tech treeHidden civsTurbo modeCheats
Victory
Defeat
🇲🇽 Celts · Mexico
1704
+17
🇨🇦 Georgians · Canada
1724
-17
[DH] JapoIroh
6:11 Loom
9:07 Feudal Age
9:22 Man-at-Arms
10:58 Double-Bit Axe
17:45 Fletching
22:05 Castle Age
22:31 Scale Barding Armor
_The_Lion
6:13 Loom
8:27 Feudal Age
9:03 Double-Bit Axe
20:23 Fletching
Connection lost

Rejoining the realm…

Still unreachable

The connection could not be restored.

Session expired

The server has moved on; the page needs a fresh start.